 Dungeon Crawl Stone Soup version 0.28-a0-823-gb444dcf96d (webtiles) character file.

Game seed: 3909083418737878218

659 SmokeWeed the Slasher (level 7, -3/60 HPs)
             Began as a White Draconian Berserker on Nov 10, 2021.
             Was a Priest of Trog.
             Slain by Blork the orc (5 damage)
             ... on level 3 of the Dungeon.
             The game lasted 00:09:37 (3428 turns).

SmokeWeed the Slasher (White Draconian Berserker)   Turns: 3428, Time: 00:09:38

Health: -3/60      AC:  6    Str: 20    XL:     7   Next: 30%
Magic:  7/7        EV: 13    Int:  8    God:    Trog [***...]
Gold:   155        SH:  0    Dex: 11    Spells: 6/6 levels left

rFire   + . .      SeeInvis +   a - +0 falchion (vorpal)
rCold   + . .      Faith    .   (no shield)
rNeg    . . .      Spirit   .   (armour unavailable)
rPois   .          Reflect  .   (helmet restricted)
rElec   .          Harm     .   (no cloak)
rCorr   .          Rampage  .   (no gloves)
Will    .....                   (no boots)
Stlth   ++........              (no amulet)
HPRegen 0.20/turn               c - ring of see invisible
MPRegen 0.10/turn               h - ring of protection from fire

@: on berserk cooldown, slowed, very slow
A: breathe frost, AC +6, unfitting armour, cold resistance 1, cold-blooded
a: Breathe Frost, Renounce Religion, Berserk, Trog's Hand


You were on level 3 of the Dungeon.
You worshipped Trog.
Trog was most pleased with you.
You visited 1 branch of the dungeon, and saw 4 of its levels.

You collected 155 gold pieces.

Inventory:

Hand Weapons
 a - a +0 vorpal falchion (weapon)
 j - a +2 dagger of protection
 p - a +0 dagger of venom
 s - a +0 dagger of speed
Missiles
 b - 57 stones
 r - 3 javelins (quivered)
Jewellery
 c - a ring of see invisible (left hand)
 d - a ring of protection from cold
 h - a ring of protection from fire (right hand)
Wands
 t - a wand of charming (5)
Scrolls
 l - a scroll of enchant armour
 m - a scroll of acquirement {unknown}
 o - a scroll of noise {unknown}
Potions
 e - a potion of mutation {unknown}
 f - 2 potions of curing
 g - 3 potions of degeneration {unknown}
 i - a potion of invisibility {unknown}
 k - a potion of flight {unknown}
 n - 2 potions of resistance {unknown}
 q - 2 potions of heal wounds {unknown}


   Skills:
 + Level 4.9 Fighting
 + Level 6.4 Long Blades
 + Level 0.1 Throwing
 + Level 4.2 Dodging
 + Level 2.1 Stealth


You had 6 spell levels left.
You didn't know any spells.
Your spell library contained the following spells:

 Spells                   Type           Power      Damage    Failure   Level
 Foxfire                  Conj/Fire      0%         2x1d4     41%         1
 Conjure Flame            Conj/Fire      0%         6-21      78%         3
 Inner Flame              Hex/Fire       0%         N/A       78%         3
 Flame Wave               Conj/Fire      0%         3d3       99%         4


Dungeon Overview and Level Annotations

Branches:
Dungeon (4/15)
 Temple: D:4-7

Altars:
Xom

Annotations:
D:3 Blork the orc


Innate Abilities, Weirdness & Mutations

You can breathe waves of freezing cold which knock back foes.
Your icy white scales are hard. (AC +6)
You cannot fit into any form of body armour.
Your flesh is cold resistant. (rC+)
You are cold-blooded and may be slowed by cold attacks.


Message History

Trog accepts your kill. Blork the orc barely misses you.
Blork the orc hits you with a +0 long sword.
The orc closely misses you. The orc barely misses you.
Blork the orc hits you with a +0 long sword!
The orc hits you with a +0 dagger.
* * * LOW HITPOINT WARNING * * *
Blork the orc barely misses you.
Things that are here:
a +1 flail of holy wrath; a boomerang; a +0 chain mail Blork the orc barely misses you.
You closely miss Blork the orc.
Blork the orc looks braver for a moment.
Blork the orc closely misses you.
You closely miss Blork the orc. You tail-slap Blork the orc.
Blork the orc is lightly wounded.
Blork the orc gestures at you while chanting.
The puff of flame hits you. You resist.
* * * LOW HITPOINT WARNING * * *
Blork the orc hits you with a +0 long sword.
* * * LOW HITPOINT WARNING * * *
Throw: 4 javelins
Press: ? - help, Q - select action, (/) - cycle Shift-Dir - straight line, f - Blork the orc
Aim: Blork the orc, wielding a +0 long sword and wearing a +0 robe (lightly wounded, fast, 61% to hit)
You throw a javelin.
The javelin pierces through Blork the orc!
Blork the orc is heavily wounded.
The javelin pierces through the orc.
You kill the orc!
Trog accepts your kill.
Blork the orc hits you with a +0 long sword.
* * * LOW HITPOINT WARNING * * *
Blork the orc closely misses you.
Blork the orc screams, "I'll eat your brain!
And then I'll vomit it back up!"
Blork the orc gestures at you while chanting.
The magic dart hits you!
* * * LOW HITPOINT WARNING * * *
Blork the orc hits you with a +0 long sword.
You die...

#.###########.#
#..# #.# #..##
#.# #...# #.#
##..## #.#
#...# #.# ##..#
#.#
#..########.###
#(>o@.........#
###########.#.#
#.#.......#.#
#...........#
#.#)#########
#.#........#
#.########.#
#...†......#
############


You could see Blork the orc (fast).

Vanquished Creatures
  Grinder (D:3)
  Sigmund (D:3)
  An ogre (D:4)
  A hound (D:2)
  Ijyb (D:3)
  An orc wizard (D:4)
  A hound skeleton (D:4)
  Robin (D:3)
  3 gnolls
  An adder (D:2)
  2 worms
  7 orcs
  8 ball pythons
  6 bats
  4 endoplasms
  9 goblins
  8 hobgoblins
  7 jackals (D:1)
  A kobold (D:1)
  2 quokkas (D:3)
  4 frilled lizards
  5 rats
75 creatures vanquished.

Notes
Turn   | Place    | Note
-------+----------+-------------------------------------------
     0 | D:1      | SmokeWeed the Draconian Berserker began the quest for the
                  | Orb.
     0 | D:1      | Reached XP level 1. HP: 19/19 MP: 1/1
   115 | D:1      | Reached XP level 2. HP: 19/26 MP: 2/2
   656 | D:1      | Reached XP level 3. HP: 31/31 MP: 3/3
   933 | D:2      | Reached ** piety under Trog
  1238 | D:2      | Found a shimmering altar of Xom.
  1254 | D:2      | Reached skill level 4 in Long Blades
  1525 | D:2      | Reached XP level 4. HP: 22/40 MP: 4/4
  2326 | D:3      | Noticed Grinder
  2335 | D:3      | Paralysed by Grinder for 7 turns
  2521 | D:3      | Noticed Sigmund
  2530 | D:3      | Killed Sigmund
  2531 | D:3      | Reached skill level 5 in Long Blades
  2531 | D:3      | Reached skill level 1 in Stealth
  2531 | D:3      | Reached XP level 5. HP: 46/46 MP: 5/5
  2531 | D:3      | Reached XP level 6. HP: 52/52 MP: 6/6
  2634 | D:3      | Killed Grinder
  2654 | D:3      | Reached skill level 6 in Long Blades
  2898 | D:3      | Noticed Robin
  2908 | D:3      | Killed Robin
  3096 | D:3      | Noticed Ijyb
  3118 | D:3      | Killed Ijyb
  3119 | D:3      | Your scales start taking on an icy white colour.
  3119 | D:3      | Reached XP level 7. HP: 53/60 MP: 7/7
  3119 | D:3      | Gained mutation: Your flesh is cold resistant. (rC+) [White
                  | Draconian growth]
  3398 | D:4      | Reached *** piety under Trog
  3407 | D:4      | Noticed Blork the orc
  3428 | D:3      | HP: 2/60 [Blork the orc/magic dart (7)]
  3428 | D:3      | Slain by Blork the orc

Illustrated notes

Levels and vault maps discovered:
D:1:      mrwooster_arrival_statue, layout_rooms, serial_park_tiny_2
D:2:      minmay_evil_eye, layout_basic, basic_altar, minivault_5
D:3:      layout_basic, uniq_grinder, uniq_robin, uniq_sigmund, uniq_ijyb
D:4:      layout_gridville, gammafunk_temple_overflow_arena, uniq_edmund,
          uniq_blork_the_orc

Skill      XL: |  1  2  3  4  5  6  7 |
---------------+----------------------+-----
Dodging        | 3 4 |  4.2
Long Blades    | 4 5 6 |  6.4
Fighting       | 4 |  4.9
Stealth        | 1 2 |  2.1
Throwing       | |  0.1

Action                   |  1- 3 |  4- 6 |  7- 9 || total
-------------------------+-------+-------+-------++-------
Melee: Falchion          |   142 |    79 |    23 ||   244
       Tailslap          |    14 |    14 |     2 ||    30
Throw: Javelin           |       |     4 |     1 ||     5
Invok: Berserk           |       |     2 |     1 ||     3
       Trog's Hand       |       |     2 |       ||     2
 Abil: Breathe Frost     |       |       |     1 ||     1
  Use: Scroll            |     2 |     5 |       ||     7
       Potion            |       |       |     1 ||     1
 Stab: Sleeping          |     2 |     3 |     1 ||     6
Armor: Skin              |    50 |    24 |     7 ||    81
Dodge: Dodged            |   111 |    57 |    29 ||   197

Table legend: (Time is in decaauts)
 A = Elapsed time spent in this place.
 B = Non-inter-level travel time spent in this place.
 C = Inter-level travel time spent in this place.
 D = Time resting spent in this place.
 E = Time spent auto-exploring this place.
 F = Levels seen in this place.
 G = Mean time per level.
                   A        B        C        D        E       F      G
               +--------+--------+--------+--------+--------+-----+--------+
         Total |   3480 |   3463 |     17 |    736 |   1880 |   4 |  870.0 |
       Dungeon |   3480 |   3463 |     17 |    736 |   1880 |   4 |  870.0 |
               +--------+--------+--------+--------+--------+-----+--------+

Top non-repeatable levels by time:
     D:2: 1376 daAuts
     D:3: 1132 daAuts
     D:1: 914 daAuts
     D:4: 56 daAuts
